 Dungeon Crawl Stone Soup version 0.27.1-2-g3b301248ec (webtiles) character file.

Game seed: 17668890730432055365

83816 H0rd4k the Warrior (level 16, -2/136 HPs)
             Began as a Human Artificer on Oct 5, 2021.
             Was an Initiate of Nemelex Xobeh.
             Slain by a merfolk impaler (14 damage)
             ... on level 1 of the Shoals.
             The game lasted 01:32:44 (43692 turns).

H0rd4k the Warrior (Human Artificer)               Turns: 43692, Time: 01:32:45

Health: -2/136     AC: 13    Str: 20    XL:     16   Next: 25%
Magic:  26/34      EV: 20    Int: 22    God:    Nemelex Xobeh [......]
Gold:   1086       SH:  0    Dex: 21    Spells: 18/27 levels left

rFire    . . .     SeeInvis +   M - +8 dagger "Igymoov" {speed, Str+3}
rCold    + . .     Faith    .   (no shield)
rNeg     . . .     Spirit   .   v - +4 leather armour of Proximity {rPois Str+2}
rPois    +         Reflect  .   C - +1 helmet
rElec    .         Harm     .   x - +2 cloak
rCorr    .         Rampage  .   (no gloves)
Will     +....                  (no boots)
Stlth    +++.......             z - amulet "Heulul" {RegenMP Contam rPois rF+ Int+2}
HPRegen  0.32/turn              p - ring of Autumn {Wiz rPois Dex+3 SInv}
MPRegen  0.49/turn              o - ring "Gosa" {Ice MP+9 Int+4 Dex+4 Stlth-}

@: no status effects
A: no striking features
a: Renounce Religion, Draw Escape, Draw Destruction, Draw Summoning


You were on level 1 of the Shoals.
You worshipped Nemelex Xobeh.
Nemelex Xobeh was noncommittal.
You visited 6 branches of the dungeon, and saw 24 of its levels.
You also visited: Trove.

You collected 2321 gold pieces.
You spent 1235 gold pieces at shops.

Inventory:

Hand Weapons
 t - a +3 falchion of holy wrath
 M - the +8 dagger "Igymoov" (weapon) {speed, Str+3}
   (You found it on level 9 of the Dungeon)

   Attacks with this weapon are significantly faster.
   Str:       It affects your strength (+3).
Missiles
 b - 7 curare-tipped darts
Armour
 v - the +4 leather armour of Proximity (worn) {rPois Str+2}
   (You found it on level 4 of the Dungeon)

   Str:       It affects your strength (+2).
   rPois:     It protects you from poison.
 x - a +2 cloak (worn)
 C - a +1 helmet (worn)
Magical Staves
 T - a staff of death
Jewellery
 d - the ring of Gecwod {Fly rPois}
   (You found it in a treasure trove)

   [ring of flight]

   rPois:     It protects you from poison.
   Fly:       It grants you flight.
 j - the ring of Lerin {rF+ rCorr Int+6 SInv}
   (You acquired it on level 6 of the Dungeon)

   [ring of intelligence]

   Int:       It affects your intelligence (+6).
   rF:        It protects you from fire.
   SInv:      It lets you see invisible.
   rCorr:     It protects you from acid and corrosion.
 o - the ring "Gosa" (right hand) {Ice MP+9 Int+4 Dex+4 Stlth-}
   (You acquired it on level 8 of the Dungeon)

   [ring of ice]

   It enhances your ice magic.
   Int:       It affects your intelligence (+4).
   Dex:       It affects your dexterity (+4).
   rF:        It makes you vulnerable to fire.
   rC:        It protects you from cold.
   MP:        It affects your magic capacity (+9).
   Stlth:     It makes you less stealthy.
 p - the ring of Autumn (left hand) {Wiz rPois Dex+3 SInv}
   (You found it in a treasure trove)

   [ring of wizardry]

   It improves your spell success rate.
   Dex:       It affects your dexterity (+3).
   rPois:     It protects you from poison.
   SInv:      It lets you see invisible.
 z - the amulet "Heulul" (around neck) {RegenMP Contam rPois rF+ Int+2}
   (You found it in a treasure trove)

   [amulet of magic regeneration]

   It increases your rate of magic regeneration.
   Int:       It affects your intelligence (+2).
   rF:        It protects you from fire.
   rPois:     It protects you from poison.
   Contam:    It causes magical contamination when unequipped.
 B - a ring of willpower
 V - the ring "Asophoom" {rPois MP+9 Str+6 Dex-2}
   (You found it in a treasure trove)

   [ring of magical power]

   Str:       It affects your strength (+6).
   Dex:       It affects your dexterity (-2).
   rPois:     It protects you from poison.
   MP:        It affects your magic capacity (+9).
Wands
 a - a wand of polymorph (9)
 H - a wand of digging (6)
 Y - a wand of flame (19)
Scrolls
 c - 4 scrolls of amnesia
 f - a scroll of holy word
 h - a scroll of enchant armour
 i - 2 scrolls of enchant weapon
 k - 2 scrolls of teleportation
 l - a scroll of summoning
 n - a scroll of silence
 s - 3 scrolls of fog
 u - 5 scrolls of blinking
 A - 3 scrolls of identify
 E - a scroll of brand weapon {unknown}
 G - 4 scrolls of magic mapping
Potions
 g - a potion of flight
 m - 4 potions of curing
 q - 3 potions of brilliance
 r - 3 potions of berserk rage
 w - a potion of heal wounds
 D - a potion of invisibility {unknown}
 K - 3 potions of magic
 L - a potion of ambrosia
 O - 3 potions of cancellation
Miscellaneous
 e - a piece from Xom's chessboard (15/15)
 y - a condenser vane (inert)
 I - a box of beasts (inert)
 W - a phantom mirror (inert)


   Skills:
 - Level 15.3 Fighting
 - Level 13.8 Short Blades
 - Level 8.4 Armour
 - Level 11.9 Dodging
 - Level 8.1 Stealth
 * Level 6.0 Spellcasting
 * Level 1.8 Conjurations
 * Level 0.8 Translocations
 + Level 0.5 Transmutations
 + Level 6.0 Ice Magic
 - Level 8.4 Evocations


You had 18 spell levels left.
You knew the following spells:

 Your Spells              Type           Power      Damage    Failure   Level
a - Frozen Ramparts       Ice            98%        1d11      1%          3
b - Hailstorm             Conj/Ice       36%        3d9       9%          4
c - Blink                 Tloc           N/A        N/A       4%          2

Your spell library contained the following spells:

 Spells                   Type           Power      Damage    Failure   Level
 Freeze                   Ice            100%       1d11      1%          1
 Static Discharge         Conj/Air       10%        N/A       4%          2
 Slow                     Hex            6%         N/A       6%          2
 Sublimation of Blood     Necr           3%         N/A       6%          2
 Lesser Beckoning         Tloc           5%         N/A       9%          3
 Confusing Touch          Hex            6%         N/A       12%         3
 Summon Guardian Golem    Hex/Summ       6%         N/A       12%         3
 Vampiric Draining        Necr           3%         2d6       12%         3
 Summon Ice Beast         Ice/Summ       29%        N/A       12%         4
 Iskenderun's Mystic Bla  Conj/Tloc      12%        2d5       24%         4
 Fulminant Prism          Conj/Hex       5%         3d7       26%         4
 Petrify                  Tmut/Erth      7%         N/A       34%         4
 Irradiate                Conj/Tmut      5%         3d15      54%         5
 Lightning Bolt           Conj/Air       5%         1d17      58%         5
 Manifold Assault         Tloc           10%        N/A       58%         5
 Blade Hands              Tmut           4%         N/A       65%         5
 Summon Forest            Summ/Tloc      4%         N/A       65%         5
 Lee's Rapid Deconstruct  Erth           3%         3d6*      71%         5
 Summon Mana Viper        Hex/Summ       6%         N/A       71%         5
 Conjure Ball Lightning   Conj/Air       5%         3x3d6     98%         6
 Eringya's Noxious Bog    Tmut/Pois      3%         N/A       99%         6
 Shadow Creatures         Summ           N/A        N/A       99%         6
 Dragon Form              Tmut           4%         N/A       100%        7
 Monstrous Menagerie      Summ           3%         N/A       100%        7
 Orb of Destruction       Conj           7%         9d3       100%        7
 Spellforged Servitor     Conj/Summ      5%         N/A       100%        7
 Summon Hydra             Summ           3%         N/A       100%        7
 Discord                  Hex            3%         N/A       100%        8
 Disjunction              Tloc           5%         N/A       100%        8
 Maxwell's Capacitive Co  Air            3%         ∞         100%        8


Dungeon Overview and Level Annotations

Branches:
Dungeon (12/15)            Temple (1/1) D:4            Lair (6/6) D:11
 Shoals (1/4) Lair:2       Spider (2/4) Lair:3        Slime (0/5) Lair:6
    Orc (2/2) D:12            Elf (0/3) Orc:2

Altars:
Ashenzari
Cheibriados
Elyvilon
Fedhas
Hepliaklqana
Kikubaaqudgha
Makhleb
Nemelex Xobeh
Okawaru
Qazlal
Ru
Sif Muna
Trog
Uskayaw
Vehumet
Wu Jian
Xom
Yredelemnul
Zin
The Shining One
Beogh
Jiyva

Shops:
D:2 (![[   D:4 !*   D:6 ?=   Orc:2 (([*:

Annotations:
D:6 exclusion: downstairs
D:10 exclusions: door and downstairs
D:11 exclusion: 2 downstairs
Lair:2 exclusion: downstairs
Lair:4 exclusion: upstairs
Lair:5 exclusion: 2 oklob plants
Orc:2 exclusion: upstairs


Message History

The wall freezes the merfolk impaler!
The merfolk impaler misses you.
You hit the snapping turtle.
The snapping turtle is moderately wounded.
You puncture the snapping turtle!
The snapping turtle is heavily wounded.
The wall freezes the snapping turtle!
The snapping turtle bites you!!
The wall freezes the merfolk impaler.
The merfolk impaler closely misses you.
You puncture the snapping turtle!
The snapping turtle is almost dead.
You hit the snapping turtle.
The snapping turtle is almost dead.
The wall freezes the merfolk impaler!
The merfolk impaler hits you from afar with a +2 vorpal trident!!
You hit the snapping turtle.
You kill the snapping turtle!
Your Spellcasting skill increases to level 6!
Your frozen ramparts will break if you move.
Continue? [Y]es or [N]o only, please.
Your frozen ramparts will break if you move.
Continue?
The frozen ramparts melt away as you move.
The merfolk impaler hits you with a +2 vorpal trident.
The merfolk impaler hits you with a +2 vorpal trident!
You see here a snapping turtle corpse.
You hit the merfolk impaler.
The merfolk impaler is severely wounded.
You miss the merfolk impaler.
The merfolk impaler is severely wounded.
The merfolk impaler hits you with a +2 vorpal trident!
* * * LOW HITPOINT WARNING * * *
You hit the merfolk impaler.
The merfolk impaler is severely wounded.
You hit the merfolk impaler.
The merfolk impaler is severely wounded.
The merfolk impaler hits you with a +2 vorpal trident!!
* * * LOW HITPOINT WARNING * * *
x2 You miss the merfolk impaler.
The merfolk impaler is severely wounded.
The merfolk impaler hits you with a +2 vorpal trident!
You die...
Your body disappears without a glow.

≈≈≈≈≈≈≈≈≈≈≈≈≈≈≈≈≈≈≈≈
.≈≈≈.≈≈≈≈≈≈≈≈≈≈≈≈≈≈≈
..≈≈≈≈≈..≈≈≈≈≈≈≈≈≈≈≈
≈≈≈≈≈≈....≈≈..≈≈≈≈≈≈
≈≈≈≈≈≈≈≈...≈......≈≈≈≈
≈≈≈≈≈≈≈..........≈..≈≈≈
≈≈≈≈..............≈≈≈≈≈≈
≈≈≈......##.m.##..≈≈≈≈≈≈
≈≈≈≈≈≈≈≈.P...###@(##.....≈≈≈
P≈≈≈≈≈PPP≈≈≈≈.........≈.≈≈≈≈
P≈≈≈≈≈≈≈PP≈..≈........≈≈≈≈≈≈
≈≈≈≈≈≈≈P..............≈≈≈≈≈≈
≈≈≈≈≈≈≈≈.#............≈≈≈≈≈≈
≈≈≈≈≈≈≈≈.##.÷........≈≈≈≈≈≈≈
≈≈≈≈≈≈≈..###÷...≈..≈≈≈≈≈≈≈≈≈
≈≈≈≈≈≈≈..###÷..≈≈≈≈≈≈≈≈≈≈≈≈≈
≈≈≈≈≈≈.†#.......≈≈≈≈≈≈≈≈≈≈≈≈


You could see a merfolk impaler.

Vanquished Creatures
  Gastronok (D:9)
  Frances (D:12)
  Josephine (Orc:2)
  2 boulder beetles
  12 hydras
  Fannar (D:12)
  Erica (Lair:2)
  6 two-headed ogres
  3 catoblepae (Lair:6)
  An orc knight (Orc:2)
  7 death yaks
  2 orc high priests (Orc:2)
  Nergalle (Lair:3)
  3 skeletal warriors (D:12)
  9 harpies
  2 orb spiders (Spider:1)
  4 orc sorcerers
  6 wolf spiders
  A cyclops (Orc:1)
  3 manticores
  An ugly thing (D:12)
  Maurice (D:9)
  19 elephants
  A torpor snail (Lair:5)
  Psyche (D:12)
  2 black mambas
  2 unseen horrors (D:12)
  17 komodo dragons
  13 cane toads
  3 demonic crawlers
  2 trolls
  5 jumping spiders (Spider:1)
  5 polar bears
  A merfolk (Shoals:1)
  9 dream sheep (Lair:5)
  3 snapping turtles
  5 blink frogs (Lair:5)
  3 wyverns
  2 shadows (D:11)
  2 vampires (D:12)
  8 redbacks (Spider:1)
  2 tarantellas (Spider:1)
  Eustachio (D:5)
  6 wraiths
  4 basilisks
  23 yaks
  4 vampire mosquitoes (D:11)
  A steam dragon (D:8)
  Edmund (D:6)
  Menkaure (D:7)
  A warg (Orc:1)
  8 water moccasins
  A sky beast (D:5)
  2 black bears
  21 orc warriors
  6 centaurs
  6 ogres
  16 wolves
  A phantom (D:5)
  2 kobold brigands
  A wyvern zombie (D:6)
  11 bullfrogs
  3 scorpions
  7 killer bees
  4 wights (D:10)
  2 howler monkeys (D:9)
  3 electric eels
  3 centaur zombies
  15 orc priests
  A bullfrog skeleton (D:4)
  3 jellies
  Ijyb (D:4)
  7 iguanas
  23 orc wizards
  A killer bee zombie (D:5)
  2 howler monkey zombies
  2 gnolls (D:9)
  4 adders
  A river rat (D:11)
  2 white imps (D:7)
  3 worms
  3 dart slugs
  65 orcs
  4 endoplasms
  5 giant cockroaches
  2 goblins (D:4)
  4 hobgoblins
  15 kobolds
  8 quokkas
  5 ball pythons
  2 bats
  2 frilled lizards
  11 rats
504 creatures vanquished.

Vanquished Creatures (collateral kills)
  Rupert (Lair:3)
  An orc warlord (Orc:2)
  An orc high priest (Orc:2)
  2 skeletal warriors (D:12)
  An orc sorcerer (Orc:2)
  2 orc knights (Orc:2)
  4 orc warriors (Orc:2)
  A killer bee (D:8)
  4 orc priests (Orc:2)
  7 orc wizards (Orc:2)
  2 gnolls (D:9)
  A howler monkey skeleton (D:6)
  7 orcs
  A hobgoblin (D:4)
35 creatures vanquished.

Vanquished Creatures (others)
  A gnoll sergeant (D:9)
  3 killer bees (D:8)
  2 orc priests
  A jelly (D:6)
  A gnoll (D:9)
  An orc (D:9)
  A goblin (D:2)
  3 bushes (Lair:5)
  48 fungi
  71 plants
132 creatures vanquished.

Grand Total: 671 creatures vanquished

Notes
Turn   | Place    | Note
-------+----------+-------------------------------------------
     0 | D:1      | H0rd4k the Human Artificer began the quest for the Orb.
     0 | D:1      | Reached XP level 1. HP: 15/15 MP: 1/1
   240 | D:1      | Reached XP level 2. HP: 21/21 MP: 2/2
   635 | D:1      | Found a faded altar of an unknown god.
  1067 | D:1      | HP: 1/21 [kobold (3)]
  1473 | D:2      | Reached XP level 3. HP: 12/26 MP: 3/3
  1689 | D:2      | Found Vurroasu's Weapon Shoppe.
  2191 | D:2      | Found Funlyez Siry's Distillery.
  2201 | D:2      | Found Mekap's Armour Shoppe.
  2462 | D:2      | Found Mesaoff's Armour Emporium.
  3003 | D:3      | Reached XP level 4. HP: 17/32 MP: 4/4
  3287 | D:3      | Reached skill level 1 in Short Blades
  3875 | D:4      | Reached XP level 5. HP: 17/37 MP: 5/5
  4198 | D:4      | Noticed Ijyb
  4306 | D:4      | Found a staircase to the Ecumenical Temple.
  4327 | D:4      | Noticed an ogre
  4428 | D:4      | Found Kuawuyrcha's Distillery.
  4505 | D:4      | Identified the +4 leather armour of Proximity {rPois Str+2}
  4616 | D:4      | Killed an ogre
  4617 | D:4      | Reached XP level 6. HP: 44/44 MP: 6/6
  4630 | Temple   | Entered the Ecumenical Temple
  4861 | D:5      | Entered Level 5 of the Dungeon
  4937 | D:5      | Noticed a sky beast
  5112 | D:5      | Noticed an ogre
  5297 | D:5      | Noticed Eustachio
  5673 | D:5      | Reached skill level 2 in Fighting
  5673 | D:5      | Reached XP level 7. HP: 46/50 MP: 7/7
  6097 | D:6      | Noticed Edmund
  6116 | D:6      | Killed Edmund
  6532 | D:6      | Found Dipniz's Magic Scroll Emporium.
  6547 | D:6      | Found Oror's Jewellery Shop.
  6580 | D:6      | Reached XP level 8. HP: 56/57 MP: 8/8
  7290 | D:5      | Found an ancient bone altar of Kikubaaqudgha.
  7743 | D:7      | Found a hazy altar of Hepliaklqana.
  8091 | D:7      | Noticed Menkaure
  8107 | D:7      | Killed Menkaure
  8108 | D:7      | Reached skill level 5 in Short Blades
  8516 | D:6      | Reached skill level 3 in Fighting
  9000 | D:8      | Reached skill level 5 in Stealth
  9035 | D:8      | Reached XP level 9. HP: 25/64 MP: 9/9
  9345 | D:8      | Found a broken altar of Ashenzari.
  9345 | D:8      | Found a burning altar of Makhleb.
  9345 | D:8      | Found a basalt altar of Yredelemnul.
  9649 | D:4      | Killed Ijyb
  9694 | D:4      | Found Ettalats's General Store.
  9967 | D:8      | Identified 2 scrolls of acquirement
  9967 | D:8      | Acquired a manual of Fighting
  9969 | D:8      | Acquired the ring "Gosa" {Ice MP+9 Int+4 Dex+4 Stlth-}
 10125 | D:8      | Identified the +1 ring mail of the Red Skies {Fly Int+3}
 10146 | D:8      | Reached skill level 4 in Fighting
 10558 | D:9      | Noticed a boulder beetle
 10698 | D:9      | Noticed Gastronok
 10717 | D:10     | Entered Level 10 of the Dungeon
 10717 | D:10     | Found a portal to a secret trove of treasure.
 11066 | D:10     | Reached skill level 5 in Fighting
 11083 | D:10     | Reached XP level 10. HP: 66/76 MP: 10/10
 11140 | D:10     | Found a large runed translucent door.
 11141 | D:10     | Found a large runed translucent door.
 11299 | D:10     | Reached skill level 6 in Fighting
 11767 | D:9      | Identified the +8 dagger "Igymoov" {speed, Str+3}
 12030 | D:9      | Noticed Maurice
 12044 | D:9      | Killed Maurice
 12045 | D:9      | Reached skill level 7 in Fighting
 12045 | D:9      | Reached skill level 5 in Dodging
 12080 | D:9      | Killed Gastronok
 12081 | D:9      | Reached skill level 8 in Fighting
 12081 | D:9      | Reached skill level 10 in Short Blades
 12081 | D:9      | Reached skill level 5 in Armour
 12081 | D:9      | Reached XP level 11. HP: 46/87 MP: 11/11
 12585 | D:9      | Reached skill level 9 in Fighting
 13237 | D:11     | Noticed a death yak
 13378 | D:11     | Noticed a two-headed ogre
 13598 | D:5      | Killed Eustachio
 13681 | D:6      | Reached skill level 5 in Evocations
 13766 | D:6      | Reached skill level 10 in Fighting
 14091 | D:9      | Killed a boulder beetle
 14692 | D:11     | Noticed a two-headed ogre
 14697 | D:11     | Killed a two-headed ogre
 14763 | D:11     | Noticed a two-headed ogre
 14771 | D:11     | Killed a two-headed ogre
 14823 | D:11     | Noticed a death yak
 14823 | D:11     | Noticed a death yak
 14850 | D:11     | Killed a death yak
 14851 | D:11     | Reached skill level 11 in Fighting
 14877 | D:11     | Killed a death yak
 14878 | D:11     | Reached XP level 12. HP: 62/100 MP: 12/12
 15343 | D:11     | Found a staircase to the Lair.
 15648 | Lair:1   | Entered Level 1 of the Lair of Beasts
 15858 | Lair:1   | Noticed a six-headed hydra
 15863 | Lair:1   | Killed a six-headed hydra
 15932 | Lair:2   | Noticed a seven-headed hydra
 16115 | Lair:2   | Killed a seven-headed hydra
 16116 | Lair:2   | Reached skill level 12 in Fighting
 17560 | Lair:2   | Noticed Erica
 17581 | Lair:2   | Killed Erica
 17837 | Lair:2   | Found a staircase to the Shoals.
 18053 | Lair:3   | Noticed Rupert
 18057 | Lair:3   | Paralysed by Rupert for 6 turns
 18092 | Lair:1   | Reached XP level 13. HP: 98/109 MP: 13/13
 18684 | Lair:1   | Reached skill level 13 in Fighting
 19315 | Lair:3   | Noticed Nergalle
 19320 | Lair:3   | Killed Nergalle
 20079 | Lair:3   | Paralysed by Rupert for 2 turns
 20136 | Lair:4   | You fall into a shaft and drop 1 floor!
 20136 | Lair:5   | Noticed a six-headed hydra
 20454 | Lair:4   | Acquired the amulet of Syndicalism {Faith rElec rF+ Dex+3
                  | Stlth-}
 20811 | Lair:4   | You fall into a shaft and drop 2 floors!
 20811 | Lair:6   | Entered Level 6 of the Lair of Beasts
 20817 | Lair:6   | Noticed a catoblepas
 20822 | Lair:6   | Found a viscous altar of Jiyva.
 20841 | Lair:6   | Noticed a four-headed hydra
 20848 | Lair:6   | Killed a four-headed hydra
 21362 | Lair:6   | Identified the +3 flail "Feryvvin" {vorpal, Will+}
 21560 | Lair:6   | Found a staircase to the Slime Pits.
 21580 | Lair:6   | Noticed a four-headed hydra
 21599 | Lair:6   | Killed a four-headed hydra
 21896 | Lair:6   | Noticed an eight-headed hydra
 21902 | Lair:6   | Killed an eight-headed hydra
 21903 | Lair:6   | Reached skill level 10 in Dodging
 22067 | Lair:6   | Noticed a catoblepas
 22121 | Lair:5   | Killed a six-headed hydra
 22122 | Lair:5   | Reached XP level 14. HP: 119/119 MP: 14/14
 22191 | Lair:5   | Reached skill level 14 in Fighting
 24966 | Lair:3   | Found a hole to the Spider Nest.
 25355 | D:12     | Noticed Psyche
 25361 | D:12     | Noticed Fannar
 25516 | D:12     | Killed Psyche
 25561 | D:12     | Found a staircase to the Orcish Mines.
 26248 | D:12     | Noticed Frances
 26265 | D:12     | Killed Frances
 26924 | Orc:1    | Entered Level 1 of the Orcish Mines
 27224 | Orc:1    | Paralysed by an orc sorcerer for 3 turns
 27878 | Orc:2    | Entered Level 2 of the Orcish Mines
 27878 | Orc:2    | Found Tasyafon's Antique Weapon Shop.
 28048 | Orc:2    | Noticed Josephine
 28109 | Orc:2    | Killed Josephine
 28110 | Orc:2    | Reached XP level 15. HP: 65/126 MP: 15/15
 28563 | Orc:2    | Found a staircase to the Elven Halls.
 29960 | Orc:1    | Reached skill level 15 in Fighting
 30131 | Orc:2    | Noticed an orc warlord
 30199 | Orc:2    | Killed an orc warlord
 31176 | Orc:2    | Found a shimmering blue altar of Sif Muna.
 31980 | Orc:2    | Found Jate's General Store.
 31994 | Orc:2    | Found Palon's Antique Armour Boutique.
 31994 | Orc:2    | Found Soni's Antique Weapon Boutique.
 31996 | Orc:2    | Found Venon's Book Shop.
 32011 | Orc:2    | Bought a fine long sword for 195 gold pieces
 32011 | Orc:2    | Identified the +3 long sword of Fimbulwinter {vorpal,
                  | Dex+4} (You bought it in a shop on level 2 of the Orcish
                  | Mines)
 32285 | D:6      | Bought a scroll of fear for 42 gold pieces
 32285 | D:6      | Bought a scroll of acquirement for 624 gold pieces
 32285 | D:6      | Acquired the ring of Lerin {rF+ rCorr Int+6 SInv}
 32388 | D:10     | You paid a toll of 4 scrolls of fear to enter a treasure
                  | trove
 32389 | Trove    | Entered a treasure trove
 32396 | Trove    | Identified the ring of Gecwod {Fly rPois}
 32398 | Trove    | Identified the ring of Autumn {Wiz rPois Dex+3 SInv}
 32402 | Trove    | Identified the amulet "Heulul" {RegenMP Contam rPois rF+
                  | Int+2}
 32407 | Trove    | Identified the ring of Jiwyuz {Wiz rN+}
 32410 | Trove    | Identified the ring "Yxkaqolowk" {rC+ rN+ Dex+4}
 32414 | Trove    | Identified the amulet of Spring {Spirit Str+4}
 32416 | Trove    | Identified the ring "Duudamebo" {*Slow rF+ rN+ rCorr Int+8}
 32420 | Trove    | Identified the ring "Peenta" {Drain rElec EV+4 Int+6}
 32423 | Trove    | Identified the ring "Asophoom" {rPois MP+9 Str+6 Dex-2}
 32953 | D:12     | Killed Fannar
 34689 | Orc:2    | Bought a book of Frost for 374 gold pieces
 34694 | Orc:2    | Learned a level 3 spell: Frozen Ramparts
 35195 | Lair:5   | Reached skill level 1 in Ice Magic
 36102 | Lair:6   | Reached skill level 1 in Spellcasting
 38366 | Temple   | Became a worshipper of Nemelex Xobeh the Trickster
 38590 | Spider:1 | Entered Level 1 of the Spider Nest
 39658 | Lair:3   | Reached skill level 5 in Ice Magic
 40486 | Spider:1 | Learned a level 4 spell: Hailstorm
 40498 | Spider:1 | Reached XP level 16. HP: 112/136 MP: 22/22
 41419 | Spider:2 | Reached skill level 1 in Conjurations
 41506 | Lair:3   | Killed Rupert
 41507 | Lair:3   | Reached skill level 5 in Spellcasting
 42697 | Shoals:1 | Entered Level 1 of the Shoals
 42895 | Lair:2   | Learned a level 2 spell: Blink
 43692 | Shoals:1 | Slain by a merfolk impaler

Illustrated notes

Levels and vault maps discovered:
D:1:      dpeg_arrival_water_temple_mockup, layout_loops_ring,
          shapermc_ecumenical_altar_totnotflames, minivault_11
D:2:      layout_basic, serial_shops, shop, shop, nicolae_shop_waterfront, shop,
          minmay_box_of_dots
D:3:      layout_rooms, minmay_quantized
D:4:      minmay_inner_zag, layout_basic, minmay_temple_entry_hall,
          serial_shops, kennysheep_little_box, shop, uniq_ijyb
D:5:      layout_loops_corners, kennysheep_mini_moat, uniq_eustachio
D:6:      layout_loops_ring, nicolae_wooded_promenade, uniq_edmund
D:7:      layout_basic, mainiacjoe_overflow_brackets, uniq_menkaure
D:8:      layout_basic, gammafunk_temple_overflow_forgotten,
          serial_corexii_hall, corexii_hall_statues_u, corexii_hall_statues_i
D:9:      layout_irregular_city, lemuel_old_faithful, uniq_maurice,
          uniq_gastronok
D:10:     layout_roguey, jmf_multi_god_temple2, enter_trove_1,
          minmay_misc_feat_enclosed
D:11:     layout_roguey, dpeg_lair_monsters
D:12:     layout_basic, david_orc_2, uniq_frances, uniq_fannar, uniq_psyche
Temple:   regret_index_temple_generic_petals
Lair:1:   beast_lair_carwin_large_3, layout_gridlike, grunt_megastairs_5,
          lemuel_fruit_tree
Lair:2:   layout_chaotic_city, minmay_shoals_entry_hut, uniq_erica
Lair:3:   layout_regular_city, spider_nest_entry_webs,
          infiniplex_staircase_pool, uniq_rupert, uniq_nergalle
Lair:4:   layout_regular_city, minivault_19
Lair:5:   layout_roguey, dpeg_oklob_1, grunt_megastairs_1
Lair:6:   evilmike_catoblepas_cave, layout_regular_city, slime_altar_1,
          serial_bayou_crossing, lemuel_fruit_fields
Shoals:1: layout_shoals, nicolae_shoals_aquamancer_cove
Spider:1: layout_spider_delve
Spider:2: layout_spider_delve, uniq_arachne, uniq_azrael
Orc:1:    layout_caves, basic_altar
Orc:2:    st_orc_congregation, layout_caves, serial_shops, shop, led_sif_book,
          uniq_josephine

Skill      XL: |  1  2  3  4  5  6  7  8  9 10 11 12 13 14 15 16 |
---------------+-------------------------------------------------+-----
Short Blades   | 1 2 4 6 8 10 11 12 13 | 13.8
Armour         | 3 4 5 6 7 8 |  8.4
Stealth        | 2 3 4 5 6 7 8 |  8.1
Evocations     | 4 5 6 7 8 |  8.4
Dodging        | 2 3 4 5 7 8 10 11 | 11.9
Fighting       | 2 3 5 8 11 12 13 14 15 | 15.3
Ice Magic      | 5 6 |  6.0
Spellcasting   | 4 6 |  6.0
Conjurations   | 1 |  1.8
Translocations | |  0.8
Transmutations | |  0.5

Action                   |  1- 3 |  4- 6 |  7- 9 | 10-12 | 13-15 | 16-18 || total
-------------------------+-------+-------+-------+-------+-------+-------++-------
Melee: Club              |    19 |       |       |       |       |       ||    19
       Short sword       |   131 |   118 |   204 |       |       |       ||   453
       Rapier            |       |       |    97 |    57 |       |       ||   154
       Dagger            |       |       |       |   610 |  2343 |   203 ||  3156
 Cast: Frozen Ramparts   |       |       |       |       |    22 |    13 ||    35
       Hailstorm         |       |       |       |       |       |     4 ||     4
Evoke: Wand              |    10 |     9 |    12 |    24 |    63 |       ||   118
       Piece from Xom's  |       |     1 |     1 |     1 |     2 |     1 ||     6
       Box of beasts     |       |       |       |       |     2 |     1 ||     3
       Phantom mirror    |       |       |       |       |     2 |     1 ||     3
       Condenser vane    |       |       |       |       |       |     1 ||     1
  Use: Scroll            |       |       |    15 |     2 |    18 |       ||    35
       Potion            |       |       |       |       |     6 |       ||     6
 Stab: Sleeping          |     3 |     4 |     4 |     1 |     8 |       ||    20
       Petrified         |       |     6 |       |       |       |       ||     6
       Paralysed         |       |       |     2 |       |       |       ||     2
       Distracted        |       |       |       |     1 |     2 |     1 ||     4
Armor: Leather armour    |    40 |    33 |    95 |   114 |   280 |    46 ||   608
Dodge: Dodged            |    83 |    49 |   155 |   236 |   907 |   214 ||  1644
